 Dungeon Crawl Stone Soup version 0.30-a0-297-g0ec75d9ef4 (webtiles) character file.

Game seed: 16217727294972390617

118 lunkers the Cutter (level 5, -12/45 HPs)
             Began as a Meteoran Monk on Oct 19, 2022.
             Was a Plaything of Xom.
             Mangled by an ogre
             ... wielding a +0 giant club
              (34 damage)
             ... on level 4 of the Dungeon.
             The game lasted 00:02:10 (1277 turns).

lunkers the Cutter (Meteoran Monk)                  Turns: 1277, Time: 00:02:10

Health: -12/45     AC:  0    Str: 12    XL:     5   Next: 48%
Magic:  6/6        EV: 22    Int: 12    God:    Xom [..*...]
Gold:   205        SH:  0    Dex: 23    Spells: 4/4 levels left

rFire   . . .      SeeInvis .    (weapon currently unavailable)
rCold   . . .      Faith    .    (shield currently unavailable)
rNeg    . . .      Spirit   .    (body armour currently unavailable)
rPois   .          Reflect  .    (helmet currently unavailable)
rElec   .          Harm     .    (cloak currently unavailable)
rCorr   .          Rampage  .    (gloves currently unavailable)
Will    .....                    (boots currently unavailable)
Stlth   +.........               (no amulet)
HPRegen 0.27/turn                (ring currently unavailable)
MPRegen 0.10/turn                (ring currently unavailable)

@: bat-form (expiring), flying, glowing, very quick
A: fast, flying, no casting, tiny, sense surroundings 1, otherworldly, glowing,
explore regen
a: Renounce Religion


You were on level 4 of the Dungeon.
You worshipped Xom.
You were a toy of Xom.
You were a bat.
You visited 1 branch of the dungeon, and saw 4 of its levels.

You collected 205 gold pieces.

Inventory:

Hand Weapons
 a - a +0 short sword (melded)
Armour
 b - a +0 robe
 d - a +1 cloak (melded)
 k - a +0 ring mail (melded)
Jewellery
 p - a ring of positive energy (melded)
 s - a ring of protection from fire (melded)
Scrolls
 f - a scroll of teleportation {unknown}
 g - a scroll of amnesia {unknown}
 h - a scroll of immolation {unknown}
 i - a scroll of summoning {unknown}
 j - a scroll of brand weapon {unknown}
 l - 7 scrolls of identify {unknown}
 m - a scroll of fog {unknown}
 n - a scroll of fear {unknown}
 o - a scroll of vulnerability {unknown}
Potions
 c - a potion of ambrosia
 e - 2 potions of haste {unknown}
 q - 2 potions of degeneration {unknown}
 r - a potion of attraction {unknown}


   Skills:
 - Level 3.2 Fighting
 + Level 6.1 Short Blades
 - Level 3.6 Dodging
 - Level 1.4 Stealth


You had 4 spell levels left.
You didn't know any spells.
Your spell library was empty.

Dungeon Overview and Level Annotations

Branches:
Dungeon (4/15) Zot: 1185
 Temple: D:4-7

Altars:
Qazlal
Sif Muna
Xom

Shops:
D:3 !

Annotations:
D:4 Crazy Yiuf


Innate Abilities, Weirdness & Mutations

You are a bat.
You are tiny and dextrous.
You move quickly.
You are flying.
Your equipment is almost entirely melded.
You are incapable of wielding weapons or throwing items.
You cannot cast spells.
You passively map a small area around you.
You are easily found by Zot.
You glow in the dark.
You regain HP and MP as you explore.


Message History

* * * LOW HITPOINT WARNING * * *
Crazy Yiuf freezes you.
* * * LOW HITPOINT WARNING * * *
You barely miss Crazy Yiuf.
Crazy Yiuf is moderately wounded.
You feel sick.
Crazy Yiuf says, "The life which is unexamined is not worth living."
Crazy Yiuf hits you with a +3 quarterstaff of chaos.
* * * LOW HITPOINT WARNING * * *
You feel your power leaking away.
You hit Crazy Yiuf.
Crazy Yiuf is moderately wounded.
* * * LOW HITPOINT WARNING * * *
You feel sick. Crazy Yiuf closely misses you.
You hit Crazy Yiuf but do no damage.
Crazy Yiuf is moderately wounded.
* * * LOW HITPOINT WARNING * * *
You feel sick.
Crazy Yiuf says, "Which is more difficult, to awaken one who sleeps or to awaken one who, awake, dreams that he is awake?"
Crazy Yiuf completely misses you.
Unknown command.
* * * LOW HITPOINT WARNING * * *
You feel sick.
* * * LOW HITPOINT WARNING * * *
You feel sick.
You are no longer poisoned.
Your transformation is almost over.
Really fly into that teleport trap?
You enter a teleport trap!
The teleport trap disappears.
Your surroundings suddenly seem different.
An adder and a ball python come into view.
Found a stone staircase leading up.
The adder hisses angrily.
The ball python hisses angrily.
An ogre comes into view. It is wielding a +0 giant club.
The ogre shouts!
There is a stone staircase leading up here.
The ogre hits you with a +0 giant club!!
Ouch! That really hurt!
You die...
Xom bursts into laughter!

* , , , , * ≈ *
#++#### #####~~
#..##.# .....,~
##.#..##... ...
,
#......#.#.....,
#..#...........,
#..SS....#.....
#b##....## ,...
#O##.#..# , ,.
#.##.......
#..........
######..###.
#..# ... * * * *


You could see an ogre, an adder and a ball python.

Vanquished Creatures
  7 adders
  An ufetubus (D:4)
  2 worms (D:2)
  A dart slug (D:4)
  4 ball pythons
  5 endoplasms
  A giant cockroach (D:3)
  3 goblins
  5 hobgoblins
  3 kobolds
  2 quokkas (D:1)
  2 bats (D:1)
  2 frilled lizards (D:1)
  6 rats
44 creatures vanquished.

Notes
Turn   | Place    | Note
-------+----------+-------------------------------------------
     0 | D:1      | lunkers the Meteoran Monk began the quest for the Orb.
     0 | D:1      | Reached XP level 1. HP: 19/19 MP: 2/2
    72 | D:1      | Reached XP level 2. HP: 26/26 MP: 3/3
   124 | D:1      | Reached skill level 4 in Short Blades
   214 | D:2      | Found a shimmering blue altar of Sif Muna.
   331 | D:2      | Reached XP level 3. HP: 31/31 MP: 4/4
   448 | D:2      | Found a faded altar of an unknown god.
   469 | D:2      | Prayed at the altar of an unknown god.
   469 | D:2      | Became a worshipper of Xom of Chaos
   626 | D:3      | Found Tuzi's Distillery.
   731 | D:3      | Reached skill level 5 in Short Blades
   731 | D:3      | Reached XP level 4. HP: 20/38 MP: 5/5
   952 | D:4      | Found a stormy altar of Qazlal.
   977 | D:4      | XOM: silly message
  1033 | D:4      | Reached XP level 5. HP: 40/45 MP: 6/6
  1059 | D:4      | XOM: silly message
  1064 | D:4      | Reached skill level 6 in Short Blades
  1164 | D:4      | XOM: silly message
  1168 | D:4      | Found a runed translucent door.
  1169 | D:4      | Noticed Crazy Yiuf
  1259 | D:4      | HP: 2/45 [poisoned by Crazy Yiuf]
  1275 | D:4      | Noticed an ogre
  1277 | D:4      | Mangled by an ogre

Illustrated notes

Levels and vault maps discovered:
D:1:      psy_arrival_conway, layout_basic, serial_corexii_hall,
          corexii_hall_statues_i, chequers_hall_statues_y
D:2:      layout_basic, basic_altar, shapermc_ecumenical_altar_starsandcircs
D:3:      layout_basic, serial_shops, nicolae_shop_crystal
D:4:      layout_loops_cross, amcnicky_altar_gilded,
          kennysheep_opposing_triangles, uniq_crazy_yiuf_cottage

Skill      XL: |  1  2  3  4  5 |
---------------+----------------+-----
Short Blades   | 4 5 6 |  6.1
Fighting       | |  3.2
Dodging        | |  3.6
Stealth        | |  1.4

Action                   |  1- 3 |  4- 6 || total
-------------------------+-------+-------++-------
Melee: Short sword       |   142 |   100 ||   242
       Punch             |     2 |     1 ||     3
       Unarmed           |       |     6 ||     6
 Stab: Sleeping          |     1 |       ||     1
Armor: Robe              |    19 |       ||    19
       Ring mail         |    18 |    39 ||    57
Dodge: Dodged            |    53 |    45 ||    98

Table legend: (Time is in decaauts)
 A = Elapsed time spent in this place.
 B = Non-inter-level travel time spent in this place.
 C = Inter-level travel time spent in this place.
 D = Time resting spent in this place.
 E = Time spent auto-exploring this place.
 F = Levels seen in this place.
 G = Mean time per level.
                   A        B        C        D        E       F      G
               +--------+--------+--------+--------+--------+-----+--------+
         Total |   1213 |   1161 |     52 |      0 |    741 |   4 |  303.2 |
       Dungeon |   1213 |   1161 |     52 |      0 |    741 |   4 |  303.2 |
               +--------+--------+--------+--------+--------+-----+--------+

Top non-repeatable levels by time:
     D:4: 358 daAuts
     D:3: 351 daAuts
     D:2: 336 daAuts
     D:1: 167 daAuts
